 Dungeon Crawl Stone Soup version 0.27.0 (webtiles) character file.

Game seed: 17936120244477626338

88 Anothat the Chopper (level 4, -1/41 HPs)
             Began as a Hill Orc Berserker on July 31, 2021.
             Was a Believer of Trog.
             Slain by Grinder (4 damage)
             ... on level 3 of the Dungeon.
             The game lasted 00:02:23 (2163 turns).

Anothat the Chopper (Hill Orc Berserker)            Turns: 2163, Time: 00:02:23

Health: -1/41      AC: 10    Str: 18 (20) XL:     4   Next: 54%
Magic:  4/4        EV:  5    Int:  4 (7)  God:    Trog [**....]
Gold:   72         SH:  0    Dex:  8 (10) Spells: 3/3 levels left

rFire    . . .     SeeInvis .   a - +0 hand axe
rCold    . . .     Faith    .   (no shield)
rNeg     . . .     Spirit   .   m - +0 plate armour
rPois    .         Reflect  .   (no helmet)
rElec    .         Harm     .   (no cloak)
rCorr    .         Rampage  .   (no gloves)
Will     .....                  (no boots)
Stlth    ..........             (no amulet)
HPRegen  0.13/turn              (no ring)
MPRegen  0.09/turn              (no ring)

@: mighty, brilliant, on berserk cooldown, slowed, very slow
A: no striking features
a: Renounce Religion, Berserk, Trog's Hand


You were on level 3 of the Dungeon.
You worshipped Trog.
Trog was pleased with you.
You visited 1 branch of the dungeon, and saw 3 of its levels.

You collected 72 gold pieces.

Inventory:

Hand Weapons
 a - a +0 hand axe (weapon)
Armour
 b - a +0 animal skin
 m - a +0 plate armour (worn)
Jewellery
 h - a +6 ring of intelligence
Scrolls
 c - 4 scrolls of identify {unknown}
 e - a scroll of blinking {unknown}
 f - a scroll of magic mapping {unknown}
 l - a scroll of vulnerability {unknown}
Potions
 d - a potion of magic {unknown}
 g - a potion of brilliance
 k - a potion of curing


   Skills:
 + Level 4.6 Fighting
 * Level 6.1 Axes
 - Level 2.1 Armour
 - Level 1.5 Dodging


You had 3 spell levels left.
You didn't know any spells.
Your spell library was empty.

Dungeon Overview and Level Annotations

Branches:
Dungeon (3/15)

Altars:

Annotations:
D:3 Grinder


Message History

No target in view!
No target in view!
No target in view!
Grinder is nearby!
You feel your anger nearly subside.
You are no longer berserk.
You are exhausted.
You feel yourself slow down. Grinder closely misses you.
You hit Grinder.
Grinder is lightly wounded.
Grinder gestures at you.
You suddenly lose the ability to move!
Grinder hits you.
You writhe in agony.
Grinder hits you but does no damage.
You can move again.
Your plate armour prevents you from hitting Grinder.
Grinder is lightly wounded.
Grinder gestures at you. Pain shoots through your body!
* * * LOW HITPOINT WARNING * * *
Grinder gestures at you.
You shrug off the repeated paralysis!
It was a potion of brilliance.
You feel clever all of a sudden. Grinder barely misses you.
It was a potion of curing.
You feel better. Grinder hits you.
* * * LOW HITPOINT WARNING * * *
You writhe in agony.
* * * LOW HITPOINT WARNING * * *
Grinder hits you.
* * * LOW HITPOINT WARNING * * *
You writhe in agony.
* * * LOW HITPOINT WARNING * * *
It was a potion of degeneration.
There was something very wrong with that liquid.
You feel weakened.
You feel dopey.
You feel clumsy. Grinder hits you but does no damage.
It was a potion of might.
You feel very mighty all of a sudden. Grinder hits you but does no damage.
Grinder hits you.
You die...

.J....... ####
##........##
...##..........#
#.............###
...............#
#...........#..
#..............
##<.........#
#.))).@.....#
#.#:).#5......
#.#......####.
#......#.##
.............#
#..#..#...#...#
## #..#...#.#..#
....#...#.##...
#.. ##### ...


You could see Grinder.

Vanquished Creatures
  2 adders (D:2)
  4 dart slugs
  5 orcs (D:3)
  2 ball pythons
  6 bats
  6 endoplasms
  A giant cockroach (D:1)
  4 hobgoblins
  7 jackals
  2 quokkas
  3 frilled lizards
  4 goblins (D:1)
  2 kobolds (D:2)
  5 rats (D:1)
53 creatures vanquished.

Notes
Turn   | Place    | Note
-------+----------+-------------------------------------------
     0 | D:1      | Anothat the Hill Orc Berserker began the quest for the Orb.
     0 | D:1      | Reached XP level 1. HP: 19/19 MP: 1/1
   195 | D:1      | Reached XP level 2. HP: 27/27 MP: 2/2
   239 | D:1      | Reached skill level 5 in Axes
   338 | D:1      | Reached XP level 3. HP: 33/33 MP: 3/3
   492 | D:1      | Reached ** piety under Trog
  1736 | D:2      | Found a faded altar of an unknown god.
  1741 | D:2      | Reached XP level 4. HP: 41/41 MP: 4/4
  2143 | D:3      | Noticed Grinder
  2148 | D:3      | Reached skill level 6 in Axes
  2156 | D:3      | Paralysed by Grinder for 3 turns
  2161 | D:3      | HP: 2/41 [Grinder (1)]
  2163 | D:3      | Slain by Grinder

Illustrated notes

Levels and vault maps discovered:
D:1:      lightli_arrival_flooded_house, layout_basic, dk_noncrumbling_4
D:2:      layout_loops_corners, hellmonk_ecumenical_altar_slurped_away,
          serial_park_tiny_1, minmay_pentomino_q2
D:3:      layout_rooms, grunt_temple_overflow_magic_moments,
          amcnicky_mini_corridor_feature, uniq_grinder, uniq_robin

Skill      XL: |  1  2  3  4 |
---------------+-------------+-----
Fighting       | 4 |  4.6
Axes           | 5 6 |  6.1
Armour         | |  2.1
Dodging        | |  1.5

Action                   |  1- 3 |  4- 6 || total
-------------------------+-------+-------++-------
Melee: Hand axe          |   100 |    36 ||   136
Invok: Berserk           |       |     1 ||     1
  Use: Potion            |       |     4 ||     4
Armor: Animal skin       |    26 |     1 ||    27
       Plate armour      |       |    34 ||    34
Dodge: Dodged            |    52 |    17 ||    69
